 Dungeon Crawl Stone Soup version 0.20-a0-151-g755e310 (webtiles) character file.

6668 Charmandara the Grappler (level 10, -7/144 HPs)
             Began as a Troll Wizard on Nov 23, 2016.
             Was a Priest of Sif Muna.
             Mangled by a fire elemental (14 damage)
             ... summoned by a deep elf mage
             ... on level 10 of the Dungeon.
             The game lasted 00:17:14 (8657 turns).

Charmandara the Grappler (Troll Wizard)             Turns: 8657, Time: 00:17:14

Health: -7/144     AC:  7    Str: 27    XL:     10   Next: 73%
Magic:  15/15      EV:  4    Int: 17    God:    Sif Muna [***...]
Gold:   425        SH: 14    Dex:  8    Spells: 10/17 levels left

rFire  . . .     SeeInvis .       - Unarmed
rCold  . . .     Gourm    +     E - +0 robe of the Harvest {-Cast +Blink rElec Str+5} (curse)
rNeg   . . .     Faith    .     T - +0 large shield
rPois  +         Spirit   .     b - +1 hat
rElec  +         Reflect  +     B - +0 cloak
rCorr  .         Harm     .     (gloves unavailable)
MR     .....     NoCast   +     (boots unavailable)
Stlth  ..........               v - +2 amulet of reflection
                                M - ring of flight {+Fly, !d}
                                g - ring of poison resistance {rPois, !d}

@: berserking (expiring), very quick
A: unfitting armour, claws 3, fast metabolism 3, gourmand, regeneration 1,
shaggy fur 1, tough skin 2
a: Divine Energy, Channel Magic, Renounce Religion, Evoke Blink, Evoke Flight


You were on level 10 of the Dungeon.
You worshipped Sif Muna.
Sif Muna was most pleased with you.
You were not hungry.

You visited 1 branch of the dungeon, and saw 10 of its levels.
You also visited: Sewer.

You collected 579 gold pieces.
You spent 154 gold pieces at shops.

Inventory:

Hand Weapons
 p - a +3 vampiric dagger {!w}
   (You took it off a goblin on level 2 of the Dungeon)
 y - a +1 dagger of venom
   (You took it off a kobold on level 8 of the Dungeon)
 A - a cursed +2 falchion of freezing
   (You took it off a wight on level 7 of the Dungeon)
 D - the +7 short sword of Ukuwoc {pierce, *Rage Int+3, unknown}
   (You found it on level 6 of the Dungeon)

   It inflicts extra damage upon your enemies.
   It affects your intelligence (+3).
   It may make you go berserk in combat.
 K - a +1 halberd of protection
   (You took it off an orc warrior on level 8 of the Dungeon)
Missiles
 n - 39 poisoned needles
 H - a javelin (quivered)
 O - a throwing net {=f, !d}
Armour
 a - a +0 robe
 b - a +1 hat (worn)
 B - a +0 cloak (worn)
   (You found it on level 6 of the Dungeon)
 E - the cursed +0 robe of the Harvest (worn) {-Cast +Blink rElec Str+5}
   (You found it on level 7 of the Dungeon)

   It affects your strength (+5).
   It insulates you from electricity.
   It lets you blink.
   It prevents spellcasting.
   It has a curse placed upon it.
 I - a +0 troll leather armour {regen}
   (You found it on level 10 of the Dungeon)
 T - a +0 large shield (worn)
   (You found it on level 10 of the Dungeon)
Jewellery
 g - a ring of poison resistance (left claw) {rPois, !d}
   (You found it on level 3 of the Dungeon)
 v - a +2 amulet of reflection (around neck)
   (You found it on level 3 of the Dungeon)
 M - a ring of flight (right claw) {+Fly, !d}
   (You found it on level 8 of the Dungeon)
Wands
 j - a wand of slowing (19/48)
   (You found it on level 8 of the Dungeon)
 z - a wand of confusion (8/48)
   (You found it on level 6 of the Dungeon)
 J - a wand of random effects (12/48)
   (You found it on level 8 of the Dungeon)
 N - a wand of confusion (27/48)
   (You found it on level 9 of the Dungeon)
Scrolls
 m - 2 scrolls of remove curse
 o - a scroll of immolation {!r}
 s - a scroll of amnesia
 u - a scroll of fear
 G - a scroll of enchant weapon
 L - a scroll of teleportation
 Q - a scroll of recharging {unknown}
 U - a scroll of fog
Potions
 e - 2 potions of heal wounds
 h - 4 potions of brilliance
 l - 6 potions of curing
 q - a potion of cancellation
 t - 3 potions of might
 w - 3 potions of agility
 C - a potion of ambrosia
 F - a potion of magic
 R - a potion of resistance {unknown}
 S - a potion of haste {unknown}
Books
 c - a book of Minor Magic
 P - the Grimoire of Shifting Poison
   (You found it on level 9 of the Dungeon)

   Spells                             Type                      Level
   a - Mephitic Cloud                 Conjuration/Poison/Air       3
   b - Ignite Poison                  Fire/Transmutation/Poison    3
   c - Olgreb's Toxic Radiance        Poison                       4
   d - Venom Bolt                     Conjuration/Poison           5
   e - Blade Hands                    Transmutation                5
Comestibles
 d - 9 bread rations {@e1}
 i - 9 beef jerkies
 k - 2 royal jellies
 r - 5 meat rations {@e2}
 x - 16 fruits


   Skills:
 + Level 5.2 Fighting
 - Level 1.5 Dodging
 - Level 1.0 Stealth
 * Level 0.0 Shields
 * Level 12.2 Unarmed Combat
 + Level 4.0 Spellcasting
 - Level 0.6 Conjurations
 - Level 2.1 Charms
 - Level 2.3 Summonings
 - Level 2.0 Translocations
 - Level 2.1 Air Magic


You had 10 spell levels left.
You knew the following spells:

 Your Spells              Type           Power        Failure   Level  Hunger
a - Magic Dart            Conj           #...         100%        1    None
b - Blink                 Tloc           N/A          100%        2    ##.....
c - Call Imp              Summ           ##......     100%        2    ##.....
d - Repel Missiles        Chrm/Air       ##....       100%        2    ##.....


Dungeon Overview and Level Annotations

Branches:
Dungeon (10/15)            Temple (0/1) D:6            Lair (0/6) D:9
    Orc: D:9-12

Altars:
Elyvilon
Gozag
Kikubaaqudgha
Nemelex Xobeh
Ru
Sif Muna
Uskayaw

Shops:
D:5 !   D:10 (


Innate Abilities, Weirdness & Mutations

You are too large for most types of armour.
You have claws for hands.
Your metabolism is lightning-fast.
You like to eat raw meat.
Your natural rate of healing is unusually fast.
You are covered in fur. (AC +1)
You have very tough skin. (AC +2)


Message History

You continue putting on your large shield. x4
You finish putting on your +0 large shield.
You are feeling very hungry.
Unknown command.
You now have 425 gold pieces (gained 12).
You are near starving!
Unknown command.
Unknown command.
You are starving!
You start eating one of the 6 meat rations {@e2}.
You continue eating. x2
You finish eating.
That meat ration really hit the spot!
A deep elf mage comes into view. It is wielding a war axe.
The deep elf mage moves out of view.
An adder comes into view.
There is a large open door here.
An adder is nearby!
The deep elf mage shouts!
A bullfrog comes into view.
Your shield prevents you from hitting the deep elf mage.
The bullfrog gives a loud, deep croak!
The adder hisses angrily.
You claw the deep elf mage!
The deep elf mage gestures wildly while chanting.
Your shield prevents you from hitting the deep elf mage.
The deep elf mage gestures wildly while chanting.
The deep elf mage blinks!
A hill giant comes into view. It is wielding a giant club.
Aim: an adder You throw a javelin.
The javelin closely misses the fire elemental.
The hill giant shouts!
The adder bites you but does no damage. You block the fire elemental's attack.
You claw the fire elemental! The adder bites you but does no damage.
The bullfrog hits you but does no damage.
You block the fire elemental's attack.
Your shield prevents you from hitting the deep elf mage.
The bullfrog hits you. You block the adder's attack.
The deep elf mage hits you but does no damage.
The fire elemental hits you. The fire elemental burns you!
You take 13 damage, and have 83/96 hp.
You miss the deep elf mage. You block the bullfrog's attack.
You block the adder's attack. The fire elemental hits you.
The fire elemental burns you!
The deep elf mage points at you and mumbles some strange words.
The bolt of fire hits you!
The bolt of fire hits the adder.
The adder dies!
You block the bullfrog's attack.
You take 17 damage, and have 66/96 hp.
Unknown command.
Really quaff
f - a potion of berserk rage {!q}?
A red film seems to cover your vision as you go berserk!
You feel yourself moving faster!
You feel mighty! The fire elemental hits you. The fire elemental burns you!
You block the bullfrog's attack. You block the deep elf mage's attack.
The fire elemental hits you. The fire elemental burns you!
You now have 83/144 hp.
Unknown command.
Unknown command.
You closely miss the deep elf mage. The bullfrog hits you.
You take 5 damage, and have 78/144 hp.
You barely miss the deep elf mage. The bullfrog hits you.
The fire elemental hits you. The fire elemental burns you!
You block the deep elf mage's attack. You block the hill giant's attack.
You take 12 damage, and have 66/144 hp.
You closely miss the deep elf mage.
The bullfrog hits you but does no damage.
The fire elemental hits you. The fire elemental burns you!
You take 8 damage, and have 58/144 hp.
You closely miss the deep elf mage.
The bullfrog hits you but does no damage.
You block the deep elf mage's attack.
The hill giant hits you with a giant club!
You block the fire elemental's attack.
You take 8 damage, and have 50/144 hp.
You claw the deep elf mage!
The bullfrog releases a deep croak.
The bullfrog hits you but does no damage.
You closely miss the deep elf mage. You block the fire elemental's attack.
The deep elf mage hits you with a war axe.
The bullfrog hits you!
* * * LOW HITPOINT WARNING * * *
You take 8 damage, and have 42/144 hp.
You barely miss the deep elf mage.
The hill giant hits you with a giant club!
* * * LOW HITPOINT WARNING * * *
You block the fire elemental's attack. The bullfrog barely misses you.
The deep elf mage casts a spell.
The deep elf mage blinks!
You take 14 damage, and have 28/144 hp.
You block the fire elemental's attack.
You claw the hill giant! You block the bullfrog's attack.
The fire elemental hits you. The fire elemental burns you!
* * * LOW HITPOINT WARNING * * *
The hill giant hits you with a giant club!
* * * LOW HITPOINT WARNING * * *
You take 23 damage, and have 6/144 hp.
You claw the hill giant! The bullfrog barely misses you.
The fire elemental hits you. The fire elemental burns you!
You die...

.##..##########..## #..#
....## ......##..## #..#
...## .......##..###..#
..## ........##..##..#
.## .........##....># ##
..........##...#########.
#
...........#.#...........
#
..)....C...#.#.##########
# ..♣...F@..#.#.# #
(≈≈....E...'(#.# #
.≈≈...(....'.#.##########
#
♣..♣.......#.#.#.........
#
........e..#.#.#.########
#
...........#.#.#.#.....#.
##
..........##.#.#.#.###.#.
.#
.........###.#.#.#.#...#.
.# .....# #.#.#.#.#...#.


You could see a hill giant, a deep elf mage, a fire elemental and a bullfrog.

Vanquished Creatures
  The ghost of someotherguy6 the Covert, a novice VSEn of Yredelemnul (D:7)
  The ghost of RyokoTK the Skirmisher, a novice MiFi (D:5)
  The ghost of someotherguy6 the Changer, a novice NaTm (D:8)
  A komodo dragon (D:9)
  A kobold demonologist (D:9)
  A hornet (D:9)
  A troll (D:10)
  Grinder (D:6)
  A two-headed ogre (D:9)
  A hippogriff (D:6)
  A vampire (D:9)
  Eustachio (D:6)
  A hungry ghost (D:7)
  2 water moccasins
  A sky beast (D:5)
  3 orc warriors
  An eye of draining (D:6)
  A phantom (D:5)
  A hornet zombie (D:6)
  The ghost of someotherguy6 the Slasher, an amateur HuMo (D:3)
  A necrophage (D:5)
  3 centaurs
  3 ogres
  Blork the orc (D:6)
  3 big kobolds
  6 bullfrogs
  A wyvern zombie (D:9)
  5 scorpions
  4 wights (D:7)
  5 killer bees (D:8)
  A crimson imp (D:6)
  3 jellies
  3 orc priests
  7 hounds
  An iguana (D:8)
  8 worker ants
  A hound skeleton (D:4)
  13 adders
  2 shadow imps
  An ooze (D:6)
  An adder zombie (D:7)
  4 worms
  A dart slug (D:3)
  11 leopard geckos
  20 orcs
  3 ball pythons (Sewer)
  7 bats
  11 giant cockroaches
  13 goblins
  7 hobgoblins
  10 jackals
  23 kobolds
  2 quokkas
  4 frilled lizards
  A giant cockroach zombie (D:6)
  2 leopard gecko skeletons
  15 rats
230 creatures vanquished.

Vanquished Creatures (others)
  An adder (D:10)
  7 plants (D:9)
8 creatures vanquished.

Grand Total: 238 creatures vanquished

Notes
Turn   | Place    | Note
-------+----------+-------------------------------------------
     0 | D:1      | Charmandara the Troll Wizard began the quest for the Orb.
     0 | D:1      | Reached XP level 1. HP: 16/16 MP: 2/2
    88 | D:1      | Reached skill level 1 in Unarmed Combat
   190 | D:1      | Reached XP level 2. HP: 24/24 MP: 4/4
   232 | D:1      | Reached skill level 2 in Unarmed Combat
   664 | D:2      | Reached XP level 3. HP: 13/31 MP: 5/5
   752 | D:2      | Reached skill level 3 in Unarmed Combat
  1220 | D:2      | Found a deep blue altar of Sif Muna.
  1299 | D:2      | Became a worshipper of Sif Muna the Loreminder
  1439 | D:2      | Reached XP level 4. HP: 39/39 MP: 6/6
  1705 | D:2      | Learned a level 2 spell: Blink
  1708 | D:2      | Learned a level 2 spell: Repel Missiles
  1711 | D:2      | Learned a level 2 spell: Call Imp
  1964 | D:3      | Reached skill level 4 in Unarmed Combat
  2189 | D:3      | Noticed someotherguy6's ghost (amateur HuMo)
  2240 | D:3      | Killed someotherguy6's ghost
  2240 | D:3      | Reached skill level 1 in Translocations
  2240 | D:3      | Reached XP level 5. HP: 35/45 MP: 7/7
  2883 | D:4      | Found a glowing drain.
  2927 | Sewer    | Entered a sewer
  3085 | Sewer    | Reached skill level 5 in Unarmed Combat
  3120 | Sewer    | Reached skill level 2 in Translocations
  3120 | Sewer    | Reached XP level 6. HP: 42/53 MP: 8/8
  3272 | Sewer    | Reached * piety under Sif Muna
  3824 | D:4      | Reached skill level 1 in Air Magic
  3843 | D:5      | Entered Level 5 of the Dungeon
  3856 | D:5      | Found an opulent altar of Gozag.
  3864 | D:5      | Found a white marble altar of Elyvilon.
  3869 | D:5      | Found Juicw's Distillery.
  3876 | D:5      | Noticed RyokoTK's ghost (novice MiFi)
  3877 | D:5      | Bought a potion of heal wounds for 55 gold pieces
  3877 | D:5      | Bought a potion of agility for 44 gold pieces
  3877 | D:5      | Bought a potion of berserk rage for 55 gold pieces
  3890 | D:5      | Killed RyokoTK's ghost
  3890 | D:5      | Reached skill level 6 in Unarmed Combat
  3890 | D:5      | Reached skill level 1 in Charms
  3890 | D:5      | Reached XP level 7. HP: 59/59 MP: 9/9
  4038 | D:5      | Reached skill level 7 in Unarmed Combat
  4202 | D:5      | Reached skill level 2 in Air Magic
  4202 | D:5      | Reached XP level 8. HP: 55/66 MP: 8/10
  4244 | D:5      | Reached skill level 2 in Charms
  4487 | D:5      | Reached skill level 1 in Summonings
  4622 | D:5      | Found a sparkling altar of Nemelex Xobeh.
  4717 | D:6      | Found a sparkling altar of Nemelex Xobeh.
  4717 | D:6      | Noticed Blork the orc
  4735 | D:6      | Killed Blork the orc
  4776 | D:6      | Noticed Grinder
  4777 | D:6      | Noticed a hippogriff
  4789 | D:6      | Killed Grinder
  4789 | D:6      | Reached skill level 8 in Unarmed Combat
  4789 | D:6      | Reached skill level 2 in Summonings
  4804 | D:6      | Killed a hippogriff
  4804 | D:6      | Reached skill level 1 in Fighting
  4880 | D:6      | Reached skill level 9 in Unarmed Combat
  4956 | D:6      | Noticed Eustachio
  4965 | D:6      | Found a staircase to the Ecumenical Temple.
  4969 | D:6      | Killed Eustachio
  5003 | D:6      | Reached XP level 9. HP: 72/78 MP: 11/11
  5034 | D:6      | Reached skill level 2 in Fighting
  5096 | D:6      | Got an ebony short sword
  5112 | D:6      | Reached ** piety under Sif Muna
  5478 | D:7      | Got a brightly glowing robe
  5493 | D:6      | Identified the cursed +0 robe of the Harvest {-Cast +Blink rElec Str+5} (You found it on level 7 of the Dungeon)
  5537 | D:7      | Reached skill level 10 in Unarmed Combat
  5567 | D:7      | Noticed someotherguy6's ghost (novice VSEn)
  5591 | D:7      | Killed someotherguy6's ghost
  5591 | D:7      | Reached skill level 3 in Fighting
  6054 | D:7      | HP: 13/82 [wight/halberd (14)]
  6062 | D:7      | HP: 18/83 [wight/falchion of freezing (10)]
  6066 | D:7      | Reached skill level 3 in Spellcasting
  6307 | D:8      | HP: 20/84 [killer bee (7)]
  6316 | D:8      | Reached skill level 11 in Unarmed Combat
  6331 | D:8      | Noticed someotherguy6's ghost (novice NaTm)
  6348 | D:8      | Killed someotherguy6's ghost
  6348 | D:8      | Reached skill level 4 in Fighting
  6348 | D:8      | Reached XP level 10. HP: 45/92 MP: 13/13
  6930 | D:8      | You fall through a shaft for 2 floors!
  6930 | D:10     | Entered Level 10 of the Dungeon
  6934 | D:10     | Found Gebariff's Weapon Emporium.
  7045 | D:9      | Reached *** piety under Sif Muna
  7071 | D:9      | Found a sacrificial altar of Ru.
  7072 | D:9      | Found an ancient bone altar of Kikubaaqudgha.
  7073 | D:9      | Found a hide-covered altar of Uskayaw.
  7198 | D:9      | Found a staircase to the Lair.
  7307 | D:9      | Identified the Grimoire of Shifting Poison
  7554 | D:9      | Reached skill level 12 in Unarmed Combat
  7813 | D:10     | HP: 19/94 [centaur (6)]
  7814 | D:10     | Reached skill level 5 in Fighting
  7956 | D:10     | HP: 23/96 [water moccasin (9)]
  7962 | D:10     | Reached skill level 4 in Spellcasting
  8635 | D:10     | Noticed a deep elf mage
  8643 | D:10     | Noticed a hill giant
  8654 | D:10     | HP: 28/144 [hill giant/giant club (15)]
  8656 | D:10     | HP: 6/144 [hill giant/giant club (15)]
  8657 | D:10     | Mangled by a fire elemental

Vault maps used:
D:1:      lightli_arrival_quake
D:2:      lemuel_doored_altar, fountainhead, minmay_goblin_outpost
D:3:      first_bread, kennysheep_generic_room_11
D:4:      portal_sewer_entry_f, serial_curves, eino_curves_04, eino_curves_04,
          minmay_misc_feat_tower, hex_large
D:5:      chequers_temple_overflow_statue_of_worship, serial_shops, shop,
          amethyst_killhole, moated_statue, minmay_misc_feat_diagonals,
          nemelex_lonely_heart_becter
D:6:      nemelex_xobeh_ov_fountains_minmay, kennysheep_nub, uniq_grinder,
          uniq_eustachio, uniq_blork_the_orc
D:9:      gammafunk_temple_overflow_claw, david_lair_shrubbed, grunt_ogre_cave
D:10:     kennysheep_big_flooded_room, serial_shops, shop_statue
Sewer:    kennysheep_pipe_town

Skill      XL: |  1  2  3  4  5  6  7  8  9 10 |
---------------+-------------------------------+-----
Unarmed Combat | 1 2 3 4 5 6 7 9 11 12 | 12.2
Translocations | 1 2 |  2.0
Air Magic      | 1 2 |  2.1
Charms         | 1 2 |  2.1
Summonings     | 2 |  2.3
Fighting       | 1 4 5 |  5.2
Spellcasting   | 3 4 |  4.0
Dodging        | |  1.5
Stealth        | |  1.0
Conjurations   | |  0.6

Action                   |  1- 3 |  4- 6 |  7- 9 | 10-12 || total
-------------------------+-------+-------+-------+-------++-------
Melee: Unarmed           |   143 |   248 |   304 |   166 ||   861
       Punch             |       |     4 |    10 |     6 ||    20
Throw: Javelin           |     1 |     6 |    10 |     6 ||    23
 Cast: Magic Dart        |     4 |       |     4 |       ||     8
       Call Imp          |       |     1 |     1 |       ||     2
       Repel Missiles    |       |     1 |       |       ||     1
Evoke: Wand              |       |       |     6 |       ||     6
  Use: Scroll            |       |    10 |     4 |     2 ||    16
       Potion            |       |     2 |     9 |     1 ||    12
 Stab: Sleeping          |       |     2 |     1 |     1 ||     4
       Confused          |       |       |     2 |       ||     2
  Eat: Chunk             |    15 |    27 |    28 |    13 ||    83
       Meat ration       |       |       |       |     1 ||     1
Armor: Robe              |    47 |    91 |    74 |    31 ||   243
Dodge: Dodged            |    67 |   145 |   128 |    63 ||   403
       Deflected         |       |       |       |     1 ||     1
Block: Other             |       |    21 |    16 |     9 ||    46
       Large shield      |       |       |       |    16 ||    16

Vault maps used:
D:1:      lightli_arrival_quake
D:2:      lemuel_doored_altar, fountainhead, minmay_goblin_outpost
D:3:      first_bread, kennysheep_generic_room_11
D:4:      portal_sewer_entry_f, serial_curves, eino_curves_04, eino_curves_04,
          minmay_misc_feat_tower, hex_large
D:5:      chequers_temple_overflow_statue_of_worship, serial_shops, shop,
          amethyst_killhole, moated_statue, minmay_misc_feat_diagonals,
          nemelex_lonely_heart_becter
D:6:      nemelex_xobeh_ov_fountains_minmay, kennysheep_nub, uniq_grinder,
          uniq_eustachio, uniq_blork_the_orc
D:9:      gammafunk_temple_overflow_claw, david_lair_shrubbed, grunt_ogre_cave
D:10:     kennysheep_big_flooded_room, serial_shops, shop_statue
Sewer:    kennysheep_pipe_town

Table legend:
 A = Turns spent in this place as a percentage of turns spent in the entire game.
 B = Non-inter-level travel turns spent in this place as a percentage of non-inter-level travel turns spent in the entire game.
 C = Inter-level travel turns spent in this place as a percentage of turns spent in this place.
 D = Turns resting spent in this place as a percentage of non-inter-level travel turns spent in this place.
 E = Turns spent auto-exploring this place as a percentage of non-inter-level travel turns spent in this place.
 F = Non-inter-level travel turns spent in this place divided by the number of levels of this place that you've seen.
                   A       B       C       D       E      F
               +-------+-------+-------+-------+-------+----------------------
         Total | 100.0 | 100.0 |   0.4 |   2.3 |   8.4 | 251.1
       Dungeon |  90.4 |  90.4 |   0.4 |   2.4 |   9.0 | 249.6
         Sewer |   9.6 |   9.6 |   0.0 |   1.5 |   3.0 | 266.0
               +-------+-------+-------+-------+-------+----------------------

Table legend:
 A = Kills in this place as a percentage of kills in entire the game.
 B = Kills by you in this place as a percentage of kills by you in the entire game.
 C = Kills by friends in this place as a percentage of kills by friends in the entire game.
 D = Other kills in this place as a percentage of other kills in the entire game.
 E = Experience gained in this place as a percentage of experience gained in the entire game.
 F = Experience gained in this place divided by the number of levels of this place that you have seen.
                   A       B       C       D       E      F
               +-------+-------+-------+-------+-------+----------------------
         Total | 100.0 | 100.0 |  -nan |  -nan | 100.0 | 866.0
       Dungeon |  89.6 |  89.6 |  -nan |  -nan |  97.7 | 930.9
         Sewer |  10.4 |  10.4 |  -nan |  -nan |   2.3 | 217.0
               +-------+-------+-------+-------+-------+----------------------
